 Dungeon Crawl Stone Soup version 0.28.0-53-g5a82cb258f (webtiles) character file.

Game seed: 8354383228916598397

653 LynnLen the Covert (level 7, 0/47 HPs)
             Began as a Vampire Enchanter on Aug 16, 2022.
             Was an Initiate of Kikubaaqudgha.
             Slain by an adder (2 damage)
             ... on level 4 of the Dungeon.
             The game lasted 00:15:50 (5885 turns).

LynnLen the Covert (Vampire Enchanter)              Turns: 5885, Time: 00:15:51

Health: 0/47       AC:  3    Str:  7    XL:     7   Next: 29%
Magic:  7/10       EV: 12    Int: 18    God:    Kikubaaqudgha [......]
Gold:   296        SH:  0    Dex: 16    Spells: 4/10 levels left

rFire   . . .      SeeInvis +   l - +1 dagger (drain)
rCold   + + .      Faith    .   (no shield)
rNeg    + + +      Spirit   .   m - +2 robe {Will+}
rPois   ∞          Reflect  .   (no helmet)
rElec   .          Harm     .   (no cloak)
rCorr   .          Rampage  .   (no gloves)
Will    +....                   (no boots)
Stlth   ++++++....              (no amulet)
HPRegen 0.00/turn               (no ring)
MPRegen 0.12/turn               (no ring)

@: mighty, confusing by touch, bloodless, inhibited regen
A: bloodless, fangs 3, see invisible, vampiric 2, deformed body, robust 1
a: Bat Form, Revivify, Renounce Religion


You were on level 4 of the Dungeon.
You worshipped Kikubaaqudgha.
Kikubaaqudgha was noncommittal.
You visited 2 branches of the dungeon, and saw 6 of its levels.

You collected 296 gold pieces.

Inventory:

Hand Weapons
 a - a +1 dagger
 c - a +0 hunting sling
 l - a +1 dagger of draining (weapon)
Missiles
 d - 37 sling bullets
 f - 7 poisoned darts
 g - 104 stones
Armour
 m - a +2 robe of willpower (worn)
Scrolls
 b - 2 scrolls of blinking {unknown}
Potions
 i - a potion of attraction {unknown}
 j - a potion of ambrosia {unknown}
 n - a potion of magic {unknown}


   Skills:
 + Level 3.9 Fighting
 + Level 5.0 Short Blades
 - Level 2.1 Dodging
 + Level 8.5 Stealth
 - Level 2.0 Spellcasting
 - Level 4.4 Hexes


You had 4 spell levels left.
You knew the following spells:

 Your Spells              Type           Power      Damage    Failure   Level
a - Confusing Touch       Hex            17%        N/A       9%          3
b - Tukima's Dance        Hex            17%        N/A       9%          3

Your spell library contained the following spells:

 Spells                   Type           Power      Damage    Failure   Level
 Ensorcelled Hibernation  Hex/Ice        18%        N/A       11%         2
 Dazzling Flash           Conj/Hex       18%        N/A       22%         3
 Blink                    Tloc           2%         N/A       26%         2
 Lesser Beckoning         Tloc           1%         N/A       47%         3
 Passage of Golubria      Tloc           1%         N/A       87%         4
 Yara's Violent Unravell  Hex/Tmut       4%         3d4       90%         5
 Manifold Assault         Tloc           1%         N/A       99%         5


Dungeon Overview and Level Annotations

Branches:
Dungeon (5/15)             Temple (1/1) D:4

Altars:
Ashenzari
Cheibriados
Dithmenos
Elyvilon
Gozag
Kikubaaqudgha
Qazlal
Sif Muna
Uskayaw
Vehumet
Zin

Annotations:
D:5 Pikel


Innate Abilities, Weirdness & Mutations

You do not regenerate when monsters are visible.
You are frail without blood (-20% HP).
You can heal yourself when you bite living creatures.
You are immune to poison.
You have razor-sharp teeth.
You have supernaturally acute eyesight. (SInv)
You are afflicted with vampirism and can become a bat while bloodless.
Armour fits poorly on your strangely shaped body.
You are robust. (+10% HP)


Message History

Okay, then.
Casting: Confusing Touch (dangerous; 9% risk of failure)
Press: ? - help, Q - select action, (/) - cycle Dir - look around, f - activate Your hands begin to glow red.
The adder closely misses you.
The orc wizard hits you with a +0 dagger.
The orc wizard gestures at you while chanting.
The magic dart hits you. The orc hits you but does no damage.
You hit the adder but do no damage. You bite the adder, but do no damage.
The adder is lightly wounded.
The adder bites you. The orc wizard barely misses you.
The orc wizard hits you with a +0 dagger.
The orc hits you with a +0 dagger.
You barely miss the adder. You bite the adder, but do no damage.
The adder is lightly wounded.
The adder bites you.
You barely miss the adder.
The adder is lightly wounded.
The orc wizard hits you with a +0 dagger.
* * * LOW HITPOINT WARNING * * *
The orc wizard hits you but does no damage.
The adder closely misses you. The orc barely misses you.
You feel very mighty all of a sudden. The adder bites you.
* * * LOW HITPOINT WARNING * * *
The orc wizard hits you with a +0 dagger.
* * * LOW HITPOINT WARNING * * *
The orc wizard closely misses you. The orc hits you with a +0 dagger.
* * * LOW HITPOINT WARNING * * *
It was a potion of mutation.
You feel extremely strange.
You feel robust.
Your body twists and deforms.
The adder bites you.
* * * LOW HITPOINT WARNING * * *
The orc wizard hits you with a +0 dagger.
* * * LOW HITPOINT WARNING * * *
The orc wizard hits you with a +0 dagger.
* * * LOW HITPOINT WARNING * * *
The orc hits you but does no damage. The adder bites you.
You die...
Kikubaaqudgha rasps: "You have failed me!
Welcome... oblivion!"

#.#.###.......####.##......
#.#.#########.# #.##......
#.#...........# #.##......
######.################.##......
#.......................##......
#.####.#####......########..[...
#.#...............##.# ###......
#.#.#..#.###..ooo....###........
#.#.####.# #..S@..#....#...#####
#.#......# ########...##...#
#.#################...##...# ##
#.....................##...# #.
#####################..##...####.
#................................
#.##############################.
#.############# #.............#.
..............# #.###########.#.


You could see 2 orc wizards, an adder and an orc.

Vanquished Creatures
  Sigmund (D:3)
  A water moccasin (D:5)
  2 scorpions (D:4)
  A centaur zombie (D:5)
  A hound (D:4)
  A centaur skeleton (D:4)
  An iguana (D:4)
  2 gnolls (D:1)
  5 adders
  2 worms
  3 dart slugs
  3 orcs
  6 ball pythons
  6 bats
  7 endoplasms
  6 giant cockroaches
  10 goblins
  6 hobgoblins
  4 jackals (D:1)
  4 quokkas
  6 frilled lizards
  13 kobolds
  7 rats
98 creatures vanquished.

Vanquished Creatures (others)
  12 plants (D:3)
12 creatures vanquished.

Grand Total: 110 creatures vanquished

Notes
Turn   | Place    | Note
-------+----------+-------------------------------------------
     0 | D:1      | LynnLen the Vampire Enchanter began the quest for the Orb.
     0 | D:1      | Reached XP level 1. HP: 13/13 MP: 3/3
    93 | D:1      | Found a faded altar of an unknown god.
   192 | D:1      | Reached XP level 2. HP: 15/16 MP: 5/5
   803 | D:1      | Reached skill level 1 in Fighting
   807 | D:1      | Reached skill level 5 in Stealth
   900 | D:1      | Gained mutation: You are afflicted with vampirism and can
                  | become a bat while bloodless. [Vampire growth]
   900 | D:1      | Reached XP level 3. HP: 20/20 MP: 6/6
   907 | D:1      | Learned a level 3 spell: Confusing Touch
  2140 | D:2      | Reached XP level 4. HP: 19/26 MP: 7/7
  2814 | D:2      | Reached skill level 6 in Stealth
  2987 | D:3      | Found a shadowy altar of Dithmenos.
  3259 | D:3      | Found an opulent altar of Gozag.
  3542 | D:3      | Noticed Sigmund
  3582 | D:3      | Killed Sigmund
  3583 | D:3      | Reached skill level 7 in Stealth
  3583 | D:3      | Reached XP level 5. HP: 32/32 MP: 8/8
  3583 | D:3      | Reached XP level 6. HP: 36/36 MP: 9/9
  4664 | D:4      | Found a staircase to the Ecumenical Temple.
  4677 | Temple   | Entered the Ecumenical Temple
  4716 | Temple   | Became a worshipper of Kikubaaqudgha
  4896 | D:4      | You fall into a shaft and drop 1 floor!
  4896 | D:5      | Entered Level 5 of the Dungeon
  5174 | D:4      | Reached skill level 8 in Stealth
  5334 | D:4      | Reached XP level 7. HP: 41/41 MP: 10/10
  5763 | D:5      | Reached skill level 5 in Short Blades
  5825 | D:5      | Learned a level 3 spell: Tukima's Dance
  5871 | D:5      | Noticed Pikel
  5885 | D:4      | Gained mutation: You are robust. (+10% HP) [potion of
                  | mutation]
  5885 | D:4      | Gained mutation: Armour fits poorly on your strangely
                  | shaped body. [potion of mutation]
  5885 | D:4      | HP: 2/47 [orc wizard/+0 dagger (2)]
  5885 | D:4      | Slain by an adder

Illustrated notes

Levels and vault maps discovered:
D:1:      ncdulo_lavacross, layout_loops_ring, ebering_ecumenical_altar_mist
D:2:      layout_rooms
D:3:      layout_basic, mainiacjoe_overflow_alcove_4,
          mainiacjoe_overflow_brackets, serial_bayou, serial_bayou_lagoon_a,
          serial_bayou_shore_a, serial_bayou_lake_a, serial_bayou_pond_b,
          uniq_sigmund
D:4:      layout_basic, temple_green
D:5:      layout_rooms, mainiacjoe_overflow_six_doors_small, uniq_pikel,
          uniq_edmund
Temple:   compressed_dpeg_triangle_lava_temple

Skill      XL: |  1  2  3  4  5  6  7 |
---------------+----------------------+-----
Fighting       | 1 2 3 |  3.9
Short Blades   | 2 3 4 5 |  5.0
Stealth        | 5 7 8 |  8.5
Dodging        | |  2.1
Spellcasting   | |  2.0
Hexes          | |  4.4

Action                   |  1- 3 |  4- 6 |  7- 9 || total
-------------------------+-------+-------+-------++-------
Melee: Dagger            |   145 |   142 |    27 ||   314
       Bite              |    17 |    13 |     5 ||    35
       Punch             |     3 |       |     1 ||     4
 Fire: Hunting sling     |       |     4 |       ||     4
Throw: Stone             |       |     2 |       ||     2
 Cast: Confusing Touch   |     5 |     7 |     3 ||    15
 Abil: Exsanguinate      |     1 |       |       ||     1
  Use: Potion            |     1 |       |     2 ||     3
       Scroll            |     1 |     2 |     4 ||     7
 Stab: Sleeping          |    14 |    24 |     2 ||    40
       Confused          |       |     5 |     2 ||     7
Armor: Robe              |    23 |    25 |    11 ||    59
Dodge: Dodged            |   104 |    76 |    27 ||   207
